 Dungeon Sprint DCSS version 0.21-a0-404-g291f19a (webtiles) character file.

1731 zero the Severer (level 9, -2/76 HPs)
             Began as a Gargoyle Berserker on Oct 27, 2017.
             Was a Priest of Trog.
             Slain by a centaur warrior
             ... wielding a cursed +0 shortbow
              (4 damage)
             ... in the Dungeon (Sprint I: "Red Sonja").
             The game lasted 00:02:48 (1369 turns).

zero the Severer (Gargoyle Berserker)               Turns: 1369, Time: 00:02:49

Health: -2/76      AC:  8    Str: 28    XL:     9   Next: 5%
Magic:  9/9        EV: 12    Int:  9    God:    Trog [***...]
Gold:   234        SH:  0    Dex:  9    Spells: 8/8 levels left

rFire    . . .     SeeInvis .   n - +0 war axe
rCold    . . .     Gourm    .   (no shield)
rNeg     + . .     Faith    .   b - +0 animal skin
rPois    ∞         Spirit   .   (no helmet)
rElec    +         Reflect  .   (no cloak)
rCorr    .         Harm     .   (no gloves)
MR       .....     NoTele   +   (no boots)
Stlth    ..........             (no amulet)
HPRegen  0.22/turn              (no ring)
MPRegen  0.11/turn              (no ring)

@: berserking, very quick
A: negative energy resistance 1, electricity resistance, unbreathing,
petrification resistance, rot immunity, AC +6
a: Berserk, Trog's Hand, Burn Spellbooks, Renounce Religion


You were in the Dungeon.
You worshipped Trog.
Trog was most pleased with you.
You were not hungry.

You visited 1 branch You collected 630 gold pieces.
You spent 396 gold pieces at shops.

Inventory:

Hand Weapons
 n - a +0 war axe (weapon)
Armour
 b - a +0 animal skin (worn)
Scrolls
 i - a scroll of blinking
Potions
 d - a potion of curing
 e - a potion of heal wounds
 f - a potion of haste
 g - 2 potions of magic
 h - a potion of berserk rage
 m - a potion of resistance {unknown}
Comestibles
 c - 3 bread rations
 j - 2 royal jellies
 k - 2 fruits
 l - a meat ration


   Skills:
 - Level 3.2 Fighting
 + Level 17.0 Axes
 - Level 2.1 Armour
 - Level 1.5 Dodging


You had 8 spell levels left.
You didn't know any spells.

Dungeon Overview and Level Annotations

Branches:
Dungeon (1/1)

Altars:
Cheibriados
Dithmenos
Elyvilon
Fedhas
Gozag
Hepliaklqana
Kikubaaqudgha
Makhleb
Nemelex Xobeh
Okawaru
Qazlal
Ru
Sif Muna
Trog
Uskayaw
Vehumet
Wu Jian
Xom
Yredelemnul
Zin
The Shining One
Jiyva
Lugonu

Shops:
D }%


Innate Abilities, Weirdness & Mutations

You are resistant to torment.
Your stone body is resilient. (AC +6)
You are immune to poison.
You resist negative energy. (rN+)
You are resistant to electric shocks. (rElec)
You can survive without breathing.
You are immune to petrification.
You are immune to rotting.


Message History

The centaur warrior closely misses you. The centaur warrior barely misses you.
The centaur warrior hits you.
* * * LOW HITPOINT WARNING * * *
The centaur warrior hits you with a shortbow.
* * * LOW HITPOINT WARNING * * *
You completely miss the centaur warrior.
You slash the centaur warrior! The centaur warrior hits you!
* * * LOW HITPOINT WARNING * * *
You barely miss the centaur warrior.
The centaur warrior is lightly wounded.
You slash the centaur warrior! The centaur warrior closely misses you.
You slash the centaur warrior!
The centaur warrior is moderately wounded.
You barely miss the centaur warrior. The centaur warrior hits you.
* * * LOW HITPOINT WARNING * * *
You slice the centaur warrior!!
The centaur warrior is severely wounded.
You slash the centaur warrior!
The centaur warrior hits you with a shortbow.
You die...

###################
#..').#..'..#__#..+
').#..').#..'..'..#
#####'#####'#__####
####..#...#)####§§#
#__####..##.#§§§§c#
#_____##'#_.+§§§@§+
#_.∩...'.(._#§≈§.c#
#_..__##_(#'##'####
#_____###'#.#(()(#
#########.####'###
.......'...'.....+
++++####...#######
##.## #+#


You could see 2 centaur warriors.

Vanquished Creatures
  Sonja (D)
  A deep troll (D)
  A slime creature (D)
  Sigmund (D)
  A yak (D)
  An ogre (D)
  A jelly (D)
  Ijyb (D)
8 creatures vanquished.

Notes
Turn   | Place    | Note
-------+----------+-------------------------------------------
     0 | D        | zero the Gargoyle Berserker began the quest for the Orb.
     0 | D        | Reached XP level 1. HP: 14/14 MP: 1/1
     1 | D        | Noticed Ijyb
     8 | D        | Killed Ijyb
     8 | D        | Reached skill level 5 in Axes
     8 | D        | Reached XP level 2. HP: 19/19 MP: 2/2
     8 | D        | Reached XP level 3. HP: 23/23 MP: 3/3
    43 | D        | Noticed an ogre
    50 | D        | Killed an ogre
    50 | D        | Reached skill level 8 in Axes
    50 | D        | Reached XP level 4. HP: 3/28 MP: 4/4
   338 | D        | Noticed Sigmund
   347 | D        | Killed Sigmund
   347 | D        | Reached ** piety under Trog
   347 | D        | Reached skill level 11 in Axes
   347 | D        | Reached XP level 5. HP: 32/32 MP: 5/5
   347 | D        | Reached XP level 6. HP: 37/37 MP: 6/6
   394 | D        | Found an ornate altar of the Wu Jian Council.
   394 | D        | Found a deep blue altar of Sif Muna.
   396 | D        | Found a radiant altar of Vehumet.
   564 | D        | Found a burning altar of Makhleb.
   564 | D        | Found a viscous altar of Jiyva.
   564 | D        | Found a shimmering altar of Xom.
   564 | D        | Found a corrupted altar of Lugonu.
   564 | D        | Noticed a slime creature
   573 | D        | Killed a slime creature
   573 | D        | Reached skill level 13 in Axes
   573 | D        | Reached XP level 7. HP: 40/41 MP: 7/7
   712 | D        | Found Gytixkas's Food Emporium.
   712 | D        | Found an ancient bone altar of Kikubaaqudgha.
   712 | D        | Found a hazy altar of Hepliaklqana.
   712 | D        | Found a stormy altar of Qazlal.
   712 | D        | Found a hide-covered altar of Uskayaw.
   712 | D        | Found a blossoming altar of Fedhas.
   712 | D        | Found a bloodstained altar of Trog.
   712 | D        | Found an iron altar of Okawaru.
   712 | D        | Found a basalt altar of Yredelemnul.
   712 | D        | Found a glowing golden altar of the Shining One.
   712 | D        | Found a snail-covered altar of Cheibriados.
   712 | D        | Found a sacrificial altar of Ru.
   712 | D        | Found a glowing silver altar of Zin.
   712 | D        | Found a shadowy altar of Dithmenos.
   712 | D        | Found a white marble altar of Elyvilon.
   712 | D        | Noticed a yak
   719 | D        | Killed a yak
   719 | D        | Reached *** piety under Trog
   719 | D        | Reached skill level 14 in Axes
   720 | D        | Found an opulent altar of Gozag.
   721 | D        | Found a sparkling altar of Nemelex Xobeh.
   725 | D        | Bought a bread ration for 60 gold pieces
   725 | D        | Bought a bread ration for 60 gold pieces
   725 | D        | Bought a royal jelly for 24 gold pieces
   725 | D        | Bought 4 fruits for 72 gold pieces
   725 | D        | Bought a bread ration for 60 gold pieces
   725 | D        | Bought a royal jelly for 24 gold pieces
   725 | D        | Bought 2 fruits for 36 gold pieces
   725 | D        | Bought a meat ration for 60 gold pieces
   732 | D        | Noticed Sonja
   770 | D        | Killed Sonja
   770 | D        | Reached skill level 15 in Axes
   770 | D        | Reached XP level 8. HP: 21/46 MP: 8/8
   978 | D        | Noticed a deep troll
   993 | D        | HP: 3/69 [deep troll (9)]
   994 | D        | Killed a deep troll
   994 | D        | Reached skill level 17 in Axes
   994 | D        | Reached XP level 9. HP: 4/51 MP: 9/9
  1289 | D        | Found Lesaykh's Gadget Boutique.
  1362 | D        | Noticed a centaur warrior
  1362 | D        | Noticed a centaur warrior
  1368 | D        | HP: 2/76 [centaur warrior (5)]
  1369 | D        | Slain by a centaur warrior

Vault maps used:
D:        dungeon_sprint_1

Skill      XL: |  1  2  3  4  5  6  7  8 |
---------------+-------------------------+-----
Axes           | 5 8 11 13 15 17 | 17.0
Fighting       | |  3.2
Armour         | |  2.1
Dodging        | |  1.5

Action                   |  1- 3 |  4- 6 |  7- 9 || total
-------------------------+-------+-------+-------++-------
Melee: Hand axe          |    10 |    22 |    42 ||    74
       War axe           |       |       |     4 ||     4
Invok: Berserk           |     2 |     3 |     4 ||     9
       Trog's Hand       |       |       |     1 ||     1
  Use: Scroll            |       |       |     1 ||     1
  Eat: Chunk             |       |     2 |       ||     2
       Bread ration      |       |       |     1 ||     1
       Fruit             |       |       |     4 ||     4
Armor: Animal skin       |     1 |     4 |    25 ||    30
Dodge: Dodged            |     2 |     5 |    31 ||    38

Table legend:
 A = Spawn XP
 B = Non-spawn XP
 C = Spawn XP percentage of total XP
 D = Spawn monster count
 E = Non-spawn monster count
 F = Spawn count percentage of total count
 G = Total turns spent on level
                    A         B        C        D         E        F      G
               +---------+---------+-------+---------+---------+-------+---------
         Total |       0 |    2474 |   0.0 |       0 |       8 |   0.0 |  1369
               +---------+---------+-------+---------+---------+-------+---------
             D |       0 |    2474 |   0.0 |       0 |       8 |   0.0 |  1369
               +---------+---------+-------+---------+---------+-------+---------
